MingLee, neutral male gnomish Wizard --------------- |...>.......... |...........).| |.............-# |.............|# ------.------|-# # ## # ##########:Gd ######## # -------|- # |.......| # |.......| #---------- |.......| #|........| --------- #|........| #-.....<... -.-------- # MingLee the Evoker Experience level: 2 Strength: 9 Dexterity: 12 Constitution: 10 Intelligence: 19 Wisdom: 10 Charisma: 15 Health: 0(14) Energy: 5(14) Def: 1 Gold: 277 Moves: 1211 Dungeon seed: e7ARv6AIhjPJQvSo Game ID: MingLee_1465229843 Your Inventory: Coins $ - 277 gold pieces Weapons a - a blessed +1 quarterstaff (weapon in hands) Armor e - an uncursed +0 cloak of magic resistance (being worn) Comestibles q - an uncursed lichen corpse w - 2 uncursed food rations x - an uncursed pancake Scrolls i - an uncursed scroll of destroy armor j - an uncursed scroll of create monster k - an uncursed scroll of teleportation s - a cursed scroll of create monster t - a cursed scroll of teleportation v - an uncursed scroll of enchant armor z - a blessed scroll of stinking cloud Potions f - an uncursed potion of gain ability g - a potion of holy water h - an uncursed potion of extra healing p - an uncursed potion of water u - an uncursed potion of enlightenment A - an uncursed potion of monster detection B - a potion of unholy water Rings c - an uncursed ring of warning d - an uncursed +3 ring of adornment Wands b - an uncursed wand of fire (0:8) Tools P - an uncursed blindfold Gems n - an uncursed worthless piece of black glass Spells and supernatural/magical abilities: Name Level Category Fail Memory a - force bolt 1 attack 0% 94% x - extra healing 3 healing 85% 94% z - sleep 1 enchantment 0% 97% W - pray for help -- divine ? -- Your skills at the end: Fighting Skills Weapon Skills quarterstaff [Basic] Spellcasting Skills attack spells [Basic] enchantment spells [Basic] Final Attributes: You were fervently aligned. You were magic-protected. You had infravision. You are dead. Vanquished creatures: a gas spore a giant rat a gecko 4 jackals a fox a goblin a sewer rat a grid bug a lichen 2 kobold zombies 5 newts 19 creatures vanquished. Voluntary challenges: You were an atheist. You used a wielded weapon 16 times, starting on turn 28. You read items or engraved 1 time, starting on turn 442. You never genocided any monsters. You never polymorphed an object. You never changed form. You used no wishes. You never split a pudding. You never wrote Elbereth's name. You never violated your personal moral code. Dungeon overview: The Dungeons of Doom: levels 1 to 4 Level 1 a long staircase Level 2 (+) a weapon shop, some fountains Level 3 Level 4 <- You were here stairs to The Gnomish Mines The Gnomish Mines: Level 5 stairs to The Dungeons of Doom History has recorded: On T:1 you entered the Dungeons of Doom to retrieve the Amulet of Yendor! On T:355 you reached level 2 of The Dungeons of Doom. On T:614 you reached level 3 of The Dungeons of Doom. On T:1059 you advanced to experience level 2. On T:1081 you reached level 4 of The Dungeons of Doom. On T:1143 you reached level 1 of The Gnomish Mines. Score breakdown: Gold: 277 ( 8313 points) Experience: 2 levels ( 5570 points) Exploration: 5 levels ( 10.00%) ( 8571 points) Discoveries: 1 item ( 0.35%) ( 1770 points) Valuables value: (no points given unless you survive) Artifact value: 0 ( 0 points) Variety of kills: 11 monsters ( 2.89%) ( 5097 points) Turncount: 1211 turns ( 0 points) Survival: died (score multiplied by 80%) Total score: 23456 Latest messages: You see here a giant rat corpse. This giant rat corpse tastes terrible! You finish eating the giant rat corpse. The door opens. The spell hits the gas spore! You kill the gas spore! You see here a food ration. w - a food ration. You hear the splashing of a naiad. You miss the jackal. The jackal bites! You kill the jackal! The gecko bites! (2x) The jackal bites! You miss the jackal. The jackal bites! You miss the jackal. The jackal bites! You miss the jackal. The gecko bites! The jackal bites! You die... Final status: Goodbye MingLee the Wizard, killed by a jackal... You died in The Dungeons of Doom on dungeon level 4 with 23456 points, and 277 pieces of gold, after 1211 moves. You were level 2 with a maximum of 14 hit points when you died.